 Dungeon Sprint DCSS version 0.25-a0-558-g78a2afb0af (webtiles) character file.

Game seed: 4444126948432743969, levelgen mode: deterministic

15538036 Baz the Conqueror (level 21, 135/163 HPs)
             Began as a Gargoyle Fighter on Feb 25, 2020.
             Was the Champion of Okawaru.
             Escaped with the Orb
             ... and 5 runes!
             The game lasted 00:40:00 (10493 turns).

Baz the Conqueror (Gargoyle Fighter)               Turns: 10493, Time: 00:40:01

Health: 135/163    AC: 78    Str: 31      XL:     21   Next: 67%
Magic:  43/43      EV: 28    Int: 14 (15) God:    Okawaru [******]
Gold:   1438       SH: 34    Dex: 17      Spells: 56/57 levels left

rFire    + . .     SeeInvis +   G - +9 demon blade (elec)
rCold    + + .     Gourm    .   A - +2 tower shield {AC+3}
rNeg     + + .     Faith    .   b - +9 scales of the Dragon King {rPois rF+ rC+ MR+}
rPois    ∞         Spirit   .   q - +2 helmet {SInv}
rElec    +         Reflect  .   z - +1 cloak of Starlight {rElec rC+ EV+4 Stlth--}
rCorr    .         Harm     .   c - +0 pair of gloves of Rationality {rN+ Str+4 Int+3}
MR       +++..     NoTele   +   Y - +2 pair of boots
Stlth    ..........             F - amulet of regeneration
HPRegen  0.77/turn              S - ring of Robustness {AC+8}
MPRegen  0.28/turn              O - ring "Olirchijo" {*Contam AC+2 Str+4 Dex+4 SInv}

@: heroism, finesse
A: big wings, large bone plates 1, magic resistance 1, negative energy
resistance 1, screaming 1, electricity resistance, unbreathing, petrification
resistance, rot immunity, AC +16
0: Orb of Zot
}: 5/17 runes: decaying, serpentine, barnacled, silver, gossamer
a: Fly, Heroism, Finesse, Renounce Religion


You escaped.
You worshipped Okawaru.
Okawaru was exalted by your worship.
You were not hungry.

You visited 1 branch You collected 1944 gold pieces.
You spent 506 gold pieces at shops.

Inventory:

Hand Weapons
 v - the +4 scimitar "Cuyrcha" {vorpal, *Drain rPois rC+ MR++}
   (Okawaru gifted it to you in the Dungeon)

   It inflicts extra damage upon your enemies.
   It protects you from cold.
   It protects you from poison.
   It affects your resistance to hostile enchantments.
   It causes draining when unequipped.
 G - a +9 demon blade of electrocution (weapon)
 Q - a +2 vorpal double sword
Armour
 b - the +9 scales of the Dragon King (worn) {rPois rF+ rC+ MR+}
   (You found it in the Dungeon)

   It protects you from fire.
   It protects you from cold.
   It protects you from poison.
   It affects your resistance to hostile enchantments.
   If you remove this armour, your AC will decrease by 36 (78 -> 42).
 c - the +0 pair of gloves of Rationality (worn) {rN+ Str+4 Int+3}
   (You found it in the Dungeon)

   It affects your strength (+4).
   It affects your intelligence (+3).
   It protects you from negative energy.
   If you remove this armour, your AC will decrease by 2 (78 -> 76).
 l - the +0 pair of boots of Analysis {Int+4}
   (Okawaru gifted it to you in the Dungeon)

   It affects your intelligence (+4).
   If you switch to wearing this armour, your AC will decrease by 2 (78 -> 76).
 q - a +2 helmet of see invisible (worn)
 z - the +1 cloak of Starlight (worn) {rElec rC+ EV+4 Stlth--}
   (You found it in the Dungeon)

   It affects your evasion (+4).
   It protects you from cold.
   It insulates you from electricity.
   It makes you much less stealthy.
   If you remove this armour, your AC will decrease by 3 (78 -> 75).
 A - a +2 tower shield of protection (worn)
 H - a +1 kite shield of fire resistance
 I - the +5 chain mail of Resourcefulness {rN+ Int+2 Dex+4 Stlth+}
   (You found it in the Dungeon)

   It affects your intelligence (+2).
   It affects your dexterity (+4).
   It protects you from negative energy.
   It makes you more stealthy.
   If you switch to wearing this armour, your AC will decrease by 13 (78 -> 65).
 Y - a +2 pair of boots (worn)
Jewellery
 r - a +3 ring of intelligence
 s - a +3 ring of strength
 y - the amulet "Gownoele" {Fragile +Rage +Inv MR+++ Str-4}
   (You found it in the Dungeon)

   [amulet of rage]

   It affects your strength (-4).
   It affects your resistance to hostile enchantments.
   It lets you turn invisible.
   It lets you go berserk.
   It will be destroyed if unequipped.
 C - an uncursed ring of ice
 D - an uncursed ring of fire
 E - an uncursed ring of fire
 F - an amulet of regeneration (around neck)
 J - a +4 ring of protection
 K - a +4 ring of evasion
 L - a +6 ring of intelligence
 O - the ring "Olirchijo" (right hand) {*Contam AC+2 Str+4 Dex+4 SInv}
   (You found it in the Dungeon)

   [ring of protection]

   It affects your AC (+2).
   It affects your strength (+4).
   It affects your dexterity (+4).
   It lets you see invisible.
   It causes magical contamination when unequipped.
 S - the ring of Robustness (left hand) {AC+8}
   (You found it in the Dungeon)

   [ring of protection]

   It affects your AC (+8).
 U - the ring "Uroop" {rElec AC+3 Dex+3}
   (You found it in the Dungeon)

   [ring of protection]

   It affects your AC (+3).
   It affects your dexterity (+3).
   It insulates you from electricity.
 V - the ring "Gerch" {Ice +Inv Dex+5 Slay-5}
   (You found it in the Dungeon)

   [ring of ice]

   It enhances your ice magic.
   It affects your dexterity (+5).
   It affects your accuracy and damage with ranged weapons and melee attacks
   (-5).
   It makes you vulnerable to fire.
   It protects you from cold.
   It lets you turn invisible.
 W - the amulet of Koath {Spirit rElec rF+ Str+2 Int-4}
   (You found it in the Dungeon)

   [amulet of guardian spirit]

   It causes incoming damage to be split between your health and magic.
   It affects your strength (+2).
   It affects your intelligence (-4).
   It protects you from fire.
   It insulates you from electricity.
 X - the ring "Nuthi" {Str+3 Int+3}
   (You found it in the Dungeon)

   [ring of strength]

   It affects your strength (+3).
   It affects your intelligence (+3).
Wands
 p - a wand of iceblast (16)
Scrolls
 a - 2 scrolls of identify
 k - 6 scrolls of blinking
 n - 8 scrolls of remove curse
 o - 2 scrolls of amnesia
 w - 7 scrolls of enchant armour
 x - 4 scrolls of fog
 B - 5 scrolls of fear
 N - 2 scrolls of enchant weapon
Potions
 d - 3 potions of might
 e - 12 potions of curing
 g - 5 potions of heal wounds
 h - 3 potions of haste
 i - 3 potions of magic
 j - 2 potions of brilliance
 m - a potion of invisibility
 t - 6 potions of mutation
 u - a potion of stabbing
Comestibles
 f - 10 rations


   Skills:
 O Level 27 Fighting
 - Level 16.0(21.0) Long Blades
 O Level 27 Armour
 O Level 27 Dodging
 O Level 27 Shields
 + Level 18.9 Spellcasting
 + Level 23.9 Earth Magic
 O Level 27 Invocations
 O Level 27 Evocations


You had 56 spell levels left.
You knew the following spells:

 Your Spells              Type           Power        Failure   Level  Hunger
a - Sandblast             Erth           ######       0%          1    None

Your spell library contained the following spells:

 Spells                   Type           Power        Failure   Level  Hunger
 Passwall                 Tmut/Erth      #####...     1%          2    None
 Stone Arrow              Conj/Erth      #####.       1%          3    None
 Petrify                  Tmut/Erth      #####...     1%          4    None
 Lee's Rapid Deconstruct  Erth           ######....   1%          5    ####...


Dungeon Overview and Level Annotations

Branches:
Dungeon (1/1)

Altars:
Cheibriados
Dithmenos
Elyvilon
Fedhas
Gozag
Hepliaklqana
Kikubaaqudgha
Makhleb
Nemelex Xobeh
Okawaru
Qazlal
Ru
Sif Muna
Trog
Uskayaw
Vehumet
Wu Jian
Xom
Yredelemnul
Zin
The Shining One
Beogh
Jiyva
Lugonu

Shops:
D [:?[


Innate Abilities, Weirdness & Mutations

You are resistant to torment.
Your stone body is resilient. (AC +16)
You are immune to poison.
Your large and strong wings let you fly indefinitely.
You resist negative energy. (rN+)
You are resistant to electric shocks. (rElec)
You can survive without breathing.
You are immune to petrification.
You are immune to rotting.
You are partially covered in large bone plates. (SH +4)
You are resistant to hostile enchantments. (MR+)
You occasionally shout uncontrollably at your foes.


Message History

You slash the neqoxec! Lightning courses through the neqoxec!
The neqoxec is severely wounded.
You slash the neqoxec!
You kill the neqoxec!
Okawaru accepts your kill.
There is a blossoming altar of Fedhas here.
There is a white marble altar of Elyvilon here.
There is a shadowy altar of Dithmenos here.
There is a snail-covered altar of Cheibriados here.
There is a roughly hewn altar of Beogh here.
There is an open door to the Temple here.
Things that are here:
a cursed -3 falchion; 2 boomerangs
There is an open door, spattered with blood here.
There is an open door to the Dungeon here.
Things that are here:
a +0 short sword; 2 stones
There is a staircase leading out of the dungeon here.
You can't go down here!
You have escaped!

▓▓▓▓▓▓▓▓▓▓▓▓▓▓▓▓▓▓
...▓...▓...▓...▓@▓
.▓.▓.▓.▓.▓.▓.▓.▓.▓
.▓.▓.▓.▓.▓.▓b▓.▓.▓
.▓.▓.▓.▓)▓.▓b▓)▓.▓
.▓.▓.▓.▓.▓.▓&▓)▓)▓
.▓.▓.▓.▓)▓.▓.▓)▓.▓
.▓.▓.▓.▓.▓.▓.▓.▓.▓
.▓.▓.▓.▓.▓.▓b▓.▓.▓
.▓.▓.▓.▓.▓.▓.▓.▓.▓


There were no monsters in sight!

Vanquished Creatures
  A seraph (D)
  3 orbs of fire (D)
  Mennas (D)
  3 pandemonium lords (D)
  Mara (D)
  3 ancient liches (D)
  Boris (D)
  Saint Roka (D)
  Frederick (D)
  Xtahua (D)
  5 golden dragons (D)
  A bone dragon (D)
  3 electric golems (D)
  A lich (D)
  4 tentacled monstrosities (D)
  A titan (D)
  30 Orb Guardians (D)
  A Hell Sentinel (D)
  3 Ice Fiends (D)
  2 quicksilver dragons (D)
  Frances (D)
  Gastronok (D)
  An Executioner (D)
  A thorn hunter (D)
  Kirke (D)
  4 storm dragons (D)
  5 death cobs (D)
  9 shadow dragons (D)
  6 nagarajas (D)
  A draconian monk (D)
  2 fire giants (D)
  A daeva (D)
  Ilsuiw (D)
  2 vault wardens (D)
  A draconian scorcher (D)
  A frost giant (D)
  2 draconian knights (D)
  7 emperor scorpions (D)
  3 ghost moths (D)
  2 warmongers (D)
  A cacodemon (D)
  An angel (D)
  3 ironheart preservers (D)
  2 balrugs (D)
  3 draconian stormcallers (D)
  A draconian shifter (D)
  5 stone giants (D)
  3 draconian annihilators (D)
  A very ugly thing (D)
  A black draconian (D)
  2 green draconians (D)
  Nessos (D)
  4 red draconians (D)
  A lorocyproca (D)
  2 white draconians (D)
  A yellow draconian (D)
  2 dire elephants (D)
  A blizzard demon (D)
  4 ettins (D)
  4 fire dragons (D)
  2 merfolk javelineers (D)
  2 yaktaur captains (D)
  4 merfolk impalers (D)
  4 ogre magi (D)
  A monstrous demonspawn (D)
  3 great orbs of eyes (D)
  2 rakshasas (D)
  25 vault guards (D)
  A merfolk avatar (D)
  4 ice dragons (D)
  A ghost crab (D)
  A hell beast (D)
  4 merfolk aquamancers (D)
  An anaconda (D)
  2 hydras (D)
  Erica (D)
  3 naga warriors (D)
  A centaur warrior (D)
  6 two-headed ogres (D)
  A death knight (D)
  A vampire mage (D)
  A tengu warrior (D)
  A spriggan berserker (D)
  A deep troll earth mage (D)
  A naga sharpshooter (D)
  An orc high priest (D)
  Sonja (D)
  A shock serpent (D)
  5 sun demons (D)
  Nergalle (D)
  3 sixfirhies (D)
  An unseen horror (D)
  A wizard (D)
  A gelid demonspawn (D)
  A harpy (shapeshifter) (D)
  4 glowing orange brains (D)
  2 infernal demonspawn (D)
  4 swamp dragons (D)
  4 ironbrand convokers (D)
  3 necromancers (D)
  3 orc knights (D)
  5 ugly things (D)
  2 manticores (D)
  2 orc sorcerers (D)
  2 deep elf magi (D)
  2 cyclopes (D)
  2 vault sentinels (D)
  12 moths of wrath (D)
  3 naga magi (D)
  6 elephants (D)
  2 guardian serpents (D)
  Joseph (D)
  A water nymph (D)
  A merfolk siren (D)
  A torpor snail (shapeshifter) (D)
  Psyche (D)
  A hellion (D)
  3 orange demons (D)
  3 demonic crawlers (D)
  3 spiny frogs (D)
  A komodo dragon (D)
  A rime drake (D)
  2 freezing wraiths (D)
  A tormentor (D)
  6 yaktaurs (D)
  A jumping spider (D)
  A wind drake (D)
  A polar bear (D)
  2 red devils (D)
  4 merfolk (D)
  A meliai (D)
  A hornet (D)
  A tyrant leech (D)
  A blink frog (D)
  A dream sheep (shapeshifter) (D)
  A hippogriff (D)
  3 slime creatures (D)
  A snapping turtle (D)
  A tarantella (shapeshifter) (D)
  4 redbacks (D)
  2 wraiths (D)
  A ynoxinul (D)
  Eustachio (D)
  A human (D)
  3 hogs (D)
  2 basilisks (D)
  2 yaks (D)
  Grum (D)
  3 vampire mosquitoes (D)
  A neqoxec (D)
  4 nagas (D)
  2 acid dragons (D)
  3 hell hounds (D)
  A porcupine (D)
  A water moccasin (D)
  3 swamp drakes (D)
  13 orc warriors (D)
  An eye of draining (D)
  5 ogres (D)
  3 wolves (D)
  A centaur (D)
  A boggart (D)
  3 crocodiles (D)
  3 bullfrogs (D)
  A killer bee (D)
  A howler monkey (D)
  A crimson imp (D)
  A hound (D)
  3 orc priests (D)
  4 orc wizards (D)
  A shadow imp (D)
  An ooze (D)
  An adder skeleton (D)
  7 orcs (D)
  A ball python (D)
  A bat zombie (D)
  2 jackals (D)
  3 bats (D)
  A giant cockroach simulacrum (D)
  A kobold (D)
  A leopard gecko zombie (D)
  2 rats (D)
454 creatures vanquished.

Vanquished Creatures (others)
  6 hydras (D)
  A guardian serpent (D)
  2 humans (D)
  A chaos spawn (D)
10 creatures vanquished.

Grand Total: 464 creatures vanquished

Notes
Turn   | Place    | Note
-------+----------+-------------------------------------------
     0 | D        | Baz the Gargoyle Fighter began the quest for the Orb.
     0 | D        | Reached XP level 1. HP: 14/14 MP: 1/1
    31 | D        | Reached XP level 2. HP: 20/20 MP: 2/2
    69 | D        | Found a roughly hewn altar of Beogh.
    69 | D        | Found a snail-covered altar of Cheibriados.
    69 | D        | Found a shadowy altar of Dithmenos.
    69 | D        | Found a white marble altar of Elyvilon.
    69 | D        | Found a blossoming altar of Fedhas.
    69 | D        | Found an opulent altar of Gozag.
    70 | D        | Found a hazy altar of Hepliaklqana.
    71 | D        | Found a viscous altar of Jiyva.
    72 | D        | Found an ancient bone altar of Kikubaaqudgha.
    73 | D        | Found a corrupted altar of Lugonu.
    74 | D        | Found a burning altar of Makhleb.
   131 | D        | Found a sparkling altar of Nemelex Xobeh.
   132 | D        | Found an iron altar of Okawaru.
   133 | D        | Found a stormy altar of Qazlal.
   134 | D        | Found a sacrificial altar of Ru.
   135 | D        | Found a shimmering blue altar of Sif Muna.
   136 | D        | Found a bloodstained altar of Trog.
   137 | D        | Found a hide-covered altar of Uskayaw.
   138 | D        | Found a radiant altar of Vehumet.
   139 | D        | Found an ornate altar of the Wu Jian Council.
   140 | D        | Became a worshipper of Warmaster Okawaru
   141 | D        | Found a shimmering altar of Xom.
   142 | D        | Found a basalt altar of Yredelemnul.
   143 | D        | Found a glowing silver altar of Zin.
   144 | D        | Found a glowing golden altar of the Shining One.
   201 | D        | Noticed a crimson imp
   201 | D        | Noticed a killer bee
   207 | D        | Killed a crimson imp
   207 | D        | Reached skill level 5 in Fighting
   207 | D        | Reached XP level 3. HP: 26/26 MP: 3/3
   212 | D        | Killed a killer bee
   212 | D        | Reached skill level 5 in Armour
   212 | D        | Reached skill level 5 in Shields
   212 | D        | Reached XP level 4. HP: 29/32 MP: 4/4
   219 | D        | Reached XP level 5. HP: 17/37 MP: 5/5
   386 | D        | Noticed a white ugly thing
   386 | D        | Noticed a cyclops
   386 | D        | Noticed a slime creature
   386 | D        | Noticed a wraith
   386 | D        | Noticed a wraith
   391 | D        | Killed a white ugly thing
   391 | D        | Reached * piety under Okawaru
   391 | D        | Reached ** piety under Okawaru
   391 | D        | Reached skill level 5 in Invocations
   391 | D        | Reached XP level 6. HP: 40/45 MP: 5/10
   391 | D        | Reached XP level 7. HP: 44/50 MP: 5/11
   395 | D        | Killed a cyclops
   395 | D        | Reached *** piety under Okawaru
   395 | D        | Reached XP level 8. HP: 50/56 MP: 5/13
   399 | D        | Killed a slime creature
   410 | D        | Killed a wraith
   410 | D        | Reached skill level 10 in Fighting
   414 | D        | Killed a wraith
   414 | D        | Reached **** piety under Okawaru
   414 | D        | Reached skill level 10 in Armour
   414 | D        | Reached skill level 10 in Shields
   625 | D        | Noticed a spiny frog
   625 | D        | Noticed a yak
   630 | D        | Noticed a yak
   632 | D        | Noticed a blink frog
   637 | D        | Reached XP level 9. HP: 63/63 MP: 12/15
   642 | D        | Killed a spiny frog
   661 | D        | Reached ***** piety under Okawaru
   748 | D        | Noticed a rime drake
   748 | D        | Noticed a komodo dragon
   748 | D        | Noticed a polar bear
   753 | D        | Killed a rime drake
   761 | D        | Noticed a spiny frog
   762 | D        | Killed a komodo dragon
   765 | D        | Reached skill level 10 in Invocations
   767 | D        | Reached XP level 10. HP: 46/71 MP: 17/17
   772 | D        | Reached skill level 10 in Long Blades
   783 | D        | Killed a spiny frog
   994 | D        | Noticed an elephant
   994 | D        | Noticed an elephant
   994 | D        | Noticed an elephant
   994 | D        | Noticed an elephant
   994 | D        | Noticed an elephant
   994 | D        | Noticed a dire elephant
  1010 | D        | Killed an elephant
  1021 | D        | Killed an elephant
  1030 | D        | Killed an elephant
  1044 | D        | Noticed an elephant
  1048 | D        | Killed a dire elephant
  1056 | D        | Killed an elephant
  1056 | D        | Reached ****** piety under Okawaru
  1056 | D        | Received a gift from Okawaru
  1069 | D        | Killed an elephant
  1069 | D        | Reached XP level 11. HP: 54/78 MP: 15/18
  1138 | D        | Noticed a dire elephant
  1153 | D        | Killed a dire elephant
  1334 | D        | Noticed Grum
  1344 | D        | Killed Grum
  1377 | D        | Noticed Gastronok
  1396 | D        | Killed Gastronok
  1396 | D        | Received a gift from Okawaru
  1527 | D        | Noticed an orc knight
  1546 | D        | Killed an orc knight
  1961 | D        | Noticed an orc sorcerer
  1972 | D        | Noticed an orc high priest
  1983 | D        | Killed an orc sorcerer
  1985 | D        | Received a gift from Okawaru
  1998 | D        | Noticed an orc knight
  2008 | D        | Noticed an orc sorcerer
  2012 | D        | Reached skill level 15 in Fighting
  2016 | D        | Killed an orc high priest
  2016 | D        | Reached skill level 15 in Armour
  2016 | D        | Reached skill level 15 in Shields
  2032 | D        | Killed an orc knight
  2039 | D        | Killed an orc sorcerer
  2039 | D        | Reached XP level 12. HP: 20/88 MP: 14/19
  2346 | D        | Found Busy Mef's Antique Armour Emporium.
  2346 | D        | Noticed a two-headed ogre
  2346 | D        | Noticed a two-headed ogre
  2346 | D        | Noticed a two-headed ogre
  2351 | D        | Killed a two-headed ogre
  2351 | D        | Reached skill level 1 in Evocations
  2356 | D        | Killed a two-headed ogre
  2361 | D        | Killed a two-headed ogre
  2361 | D        | Received a gift from Okawaru
  2365 | D        | Noticed a two-headed ogre
  2371 | D        | Found Otitulo's Book Shoppe.
  2375 | D        | Killed a two-headed ogre
  2376 | D        | Found Pups's Magic Scroll Emporium.
  2379 | D        | Found Vitoed's Armour Shoppe.
  2379 | D        | Noticed a two-headed ogre
  2380 | D        | Noticed an ogre mage
  2385 | D        | Noticed a two-headed ogre
  2387 | D        | Noticed an ogre mage
  2389 | D        | Killed a two-headed ogre
  2394 | D        | Killed an ogre mage
  2403 | D        | Killed a two-headed ogre
  2403 | D        | Reached skill level 5 in Evocations
  2407 | D        | Killed an ogre mage
  2532 | D        | Bought a scroll of enchant armour for 90 gold pieces
  2532 | D        | Bought a scroll of identify for 24 gold pieces
  2532 | D        | Bought a scroll of fear for 42 gold pieces
  2538 | D        | Bought a book of Geomancy for 350 gold pieces
  2540 | D        | Learned a level 1 spell: Sandblast
  2562 | D        | Noticed Joseph
  2577 | D        | Killed Joseph
  2577 | D        | Reached skill level 1 in Earth Magic
  2604 | D        | Noticed Erica
  2613 | D        | Killed Erica
  2631 | D        | Noticed Eustachio
  2653 | D        | Killed Eustachio
  2672 | D        | Noticed Sonja
  2680 | D        | Killed Sonja
  2776 | D        | Got the +5 chain mail of Resourcefulness {rN+ Int+2 Dex+4
                  | Stlth+}
  2983 | D        | Reached skill level 5 in Earth Magic
  2985 | D        | Noticed an ettin
  2989 | D        | Noticed a rakshasa
  3008 | D        | Noticed an ettin
  3015 | D        | Reached XP level 13. HP: 66/96 MP: 20/20
  3020 | D        | Noticed a great orb of eyes
  3021 | D        | Killed an ettin
  3033 | D        | Killed a rakshasa
  3039 | D        | Received a gift from Okawaru
  3044 | D        | Killed an ettin
  3050 | D        | Killed a great orb of eyes
  3130 | D        | Noticed Nergalle
  3139 | D        | Killed Nergalle
  3139 | D        | Reached skill level 10 in Earth Magic
  3163 | D        | Noticed Nessos
  3177 | D        | Killed Nessos
  3271 | D        | Noticed an emperor scorpion
  3319 | D        | Killed an emperor scorpion
  3319 | D        | Received a gift from Okawaru
  3468 | D        | Received a gift from Okawaru
  3469 | D        | Got a pair of ancient boots {god gift}
  3475 | D        | Identified the +0 pair of boots of Analysis {Int+4}
                  | (Okawaru gifted it to you in the Dungeon)
  3537 | D        | Noticed a thorn hunter
  3556 | D        | Killed a thorn hunter
  3586 | D        | Noticed a nagaraja
  3595 | D        | Killed a nagaraja
  3595 | D        | Gained mutation: Your large and strong wings let you fly
                  | indefinitely. [Gargoyle growth]
  3595 | D        | Reached XP level 14. HP: 81/107 MP: 17/21
  3721 | D        | Noticed Saint Roka
  3751 | D        | Killed Saint Roka
  3751 | D        | Reached skill level 15 in Earth Magic
  3781 | D        | Noticed Psyche
  3786 | D        | Killed Psyche
  3967 | D        | Noticed a stone giant
  3967 | D        | Noticed a stone giant
  3971 | D        | Noticed a fire giant
  3976 | D        | Killed a stone giant
  3980 | D        | Killed a stone giant
  3981 | D        | Noticed a shadow dragon
  3985 | D        | Received a gift from Okawaru
  4007 | D        | Reached skill level 5 in Dodging
  4013 | D        | Killed a fire giant
  4030 | D        | Killed a shadow dragon
  4035 | D        | Noticed a fire giant
  4037 | D        | Noticed a stone giant
  4047 | D        | Killed a fire giant
  4074 | D        | Killed a stone giant
  4107 | D        | Identified the +3 great sword of Pessimism {vorpal, rF+}
                  | (Okawaru gifted it to you in the Dungeon)
  4127 | D        | Noticed a vault warden
  4127 | D        | Noticed an ironheart preserver
  4131 | D        | Noticed a vault warden
  4142 | D        | Killed an ironheart preserver
  4144 | D        | Killed a vault warden
  4144 | D        | Received a gift from Okawaru
  4144 | D        | Reached XP level 15. HP: 116/116 MP: 15/22
  4159 | D        | Killed a vault warden
  4159 | D        | Reached skill level 10 in Dodging
  4373 | D        | Noticed Xtahua
  4374 | D        | Paralysed by Xtahua for 3 turns
  4389 | D        | Killed Xtahua
  4389 | D        | Received a gift from Okawaru
  4616 | D        | Noticed Frances
  4629 | D        | Killed Frances
  4644 | D        | Noticed Frederick
  4661 | D        | Killed Frederick
  4676 | D        | Noticed Boris
  4707 | D        | Killed Boris
  4781 | D        | Got a decaying rune of Zot
  4789 | D        | Noticed an emperor scorpion
  4789 | D        | Noticed an emperor scorpion
  4819 | D        | Killed an emperor scorpion
  4827 | D        | Killed a ghost moth
  4858 | D        | Killed an emperor scorpion
  4863 | D        | Killed a ghost moth
  4863 | D        | Reached skill level 15 in Dodging
  5002 | D        | Noticed an emperor scorpion
  5015 | D        | Killed a ghost moth
  5015 | D        | Reached XP level 16. HP: 126/126 MP: 0/23
  5033 | D        | Received a gift from Okawaru
  5099 | D        | Got a gossamer rune of Zot
  5103 | D        | Got a faintly glowing scimitar {god gift}
  5106 | D        | Identified the +4 scimitar "Cuyrcha" {vorpal, *Drain rPois
                  | rC+ MR++} (Okawaru gifted it to you in the Dungeon)
  5173 | D        | Noticed Ilsuiw
  5215 | D        | Killed Ilsuiw
  5239 | D        | Received a gift from Okawaru
  5287 | D        | Got a barnacled rune of Zot
  5321 | D        | Noticed a nagaraja
  5321 | D        | Noticed a nagaraja
  5321 | D        | Noticed a nagaraja
  5321 | D        | Noticed a nagaraja
  5322 | D        | Noticed a nagaraja
  5329 | D        | Killed a nagaraja
  5334 | D        | Killed a nagaraja
  5346 | D        | Killed a nagaraja
  5352 | D        | Killed a nagaraja
  5357 | D        | Killed a nagaraja
  5397 | D        | Got a serpentine rune of Zot
  5674 | D        | Received a gift from Okawaru
  5674 | D        | Reached XP level 17. HP: 131/135 MP: 24/24
  5811 | D        | Noticed a lich
  5831 | D        | Killed a lich
  5857 | D        | Noticed a tentacled monstrosity
  5898 | D        | Killed a tentacled monstrosity
  6185 | D        | Got a smoking jade ring
  6210 | D        | Noticed a titan
  6210 | D        | Noticed a golden dragon
  6212 | D        | Found the +9 scales of the Dragon King {rPois rF+ rC+ MR+}
  6236 | D        | Found the ring of Robustness {AC+8}
  6257 | D        | Killed a titan
  6273 | D        | Killed a golden dragon
  6273 | D        | Received a gift from Okawaru
  6296 | D        | Reached skill level 27 in Fighting
  6327 | D        | Got a silver rune of Zot
  6360 | D        | Identified the ring "Olirchijo" {*Contam AC+2 Str+4 Dex+4
                  | SInv} (You found it in the Dungeon)
  6485 | D        | Got the amulet "Gownoele" {Fragile +Rage +Inv MR+++ Str-4}
  6487 | D        | Got the ring "Uroop" {rElec AC+3 Dex+3}
  6489 | D        | Found the +12 glaive of Prune {vorpal}
  6489 | D        | Got the ring "Gerch" {Ice +Inv Dex+5 Slay-5}
  6491 | D        | Got the amulet of Koath {Spirit rElec rF+ Str+2 Int-4}
  6493 | D        | Found the +5 scythe "Finisher" {speed, eviscerate}
  6493 | D        | Got the ring "Nuthi" {Str+3 Int+3}
  6503 | D        | Found the +1 cloak of Starlight {rElec rC+ EV+4 Stlth--}
  6558 | D        | Got the +0 pair of gloves of Rationality {rN+ Str+4 Int+3}
  6710 | D        | Noticed Mennas
  6793 | D        | Killed Mennas
  6793 | D        | Received a gift from Okawaru
  6816 | D        | Noticed Mara
  6821 | D        | Noticed Baz's illusion
  6849 | D        | Killed Mara
  6849 | D        | Reached skill level 5 in Spellcasting
  6858 | D        | Noticed Kirke
  6877 | D        | Killed Kirke
  6877 | D        | Reached skill level 15 in Long Blades
  6877 | D        | Reached XP level 18. HP: 145/145 MP: 22/26
  7044 | D        | Noticed a golden dragon
  7044 | D        | Noticed a bone dragon
  7069 | D        | Killed a bone dragon
  7069 | D        | Received a gift from Okawaru
  7077 | D        | Killed a golden dragon
  7181 | D        | Noticed a tentacled monstrosity
  7181 | D        | Noticed a tentacled monstrosity
  7197 | D        | Killed a tentacled monstrosity
  7197 | D        | Received a gift from Okawaru
  7197 | D        | Reached skill level 10 in Spellcasting
  7216 | D        | Killed a tentacled monstrosity
  7273 | D        | Noticed a golden dragon
  7273 | D        | Noticed a quicksilver dragon
  7278 | D        | Killed a golden dragon
  7300 | D        | Killed a quicksilver dragon
  7315 | D        | Received a gift from Okawaru
  7355 | D        | Noticed an electric golem
  7382 | D        | Killed an electric golem
  7479 | D        | Noticed a tentacled monstrosity
  7504 | D        | Noticed a golden dragon
  7506 | D        | Reached XP level 19. HP: 112/151 MP: 31/36
  7513 | D        | Killed a golden dragon
  7531 | D        | Killed a tentacled monstrosity
  7779 | D        | Reached skill level 27 in Dodging
  7797 | D        | Received a gift from Okawaru
  7868 | D        | Reached skill level 15 in Invocations
  7907 | D        | Reached skill level 27 in Armour
  7913 | D        | Noticed a golden dragon
  7927 | D        | Killed a golden dragon
  8048 | D        | Noticed an ancient lich
  8056 | D        | Killed an ancient lich
  8059 | D        | Noticed an orb of fire
  8078 | D        | Gained mutation: Your magical capacity is low. (-10% MP)
                  | [an orb of fire]
  8080 | D        | Gained mutation: You occasionally shout uncontrollably at
                  | your foes. [an orb of fire]
  8086 | D        | Killed an orb of fire
  8086 | D        | Received a gift from Okawaru
  8089 | D        | Noticed an electric golem
  8101 | D        | Killed an electric golem
  8104 | D        | Noticed an ancient lich
  8127 | D        | Killed an ancient lich
  8127 | D        | Reached XP level 20. HP: 135/157 MP: 34/34
  8128 | D        | Noticed an orb of fire
  8130 | D        | Noticed an orb of fire
  8134 | D        | Reached skill level 27 in Invocations
  8154 | D        | Noticed an ancient lich
  8170 | D        | Gained mutation: You tend to lose your temper in combat.
                  | [an orb of fire]
  8179 | D        | Killed an orb of fire
  8203 | D        | Killed an orb of fire
  8203 | D        | Received a gift from Okawaru
  8203 | D        | Reached skill level 15 in Evocations
  8207 | D        | Noticed a Tzitzimitl
  8229 | D        | Noticed an electric golem
  8239 | D        | Killed an ancient lich
  8293 | D        | Killed an electric golem
  8381 | D        | Lost mutation: Your magical capacity is low. (-10% MP)
                  | [potion of mutation]
  8381 | D        | Lost mutation: You tend to lose your temper in combat.
                  | [potion of mutation]
  8381 | D        | Gained mutation: You are clumsy. (Dex -2) [potion of
                  | mutation]
  8381 | D        | Lost mutation: You are clumsy. (Dex -2) [potion of
                  | mutation]
  8381 | D        | Gained mutation: You are resistant to hostile enchantments.
                  | (MR+) [potion of mutation]
  8381 | D        | Gained mutation: You are partially covered in large bone
                  | plates. (SH +4) [potion of mutation]
  8556 | D        | Got the Orb of Zot
  9231 | D        | Received a gift from Okawaru
  9231 | D        | Reached XP level 21. HP: 163/163 MP: 39/39
  9471 | D        | Noticed Uqagaixt the pandemonium lord
  9496 | D        | Killed Uqagaixt the pandemonium lord
  9496 | D        | Reached skill level 27 in Evocations
  9662 | D        | Noticed Ihosk the pandemonium lord
  9697 | D        | Killed Ihosk the pandemonium lord
  9697 | D        | Reached skill level 15 in Spellcasting
  9841 | D        | Noticed a seraph
  9897 | D        | Killed a seraph
  9897 | D        | Received a gift from Okawaru
  9897 | D        | Received a gift from Okawaru
 10233 | D        | Noticed Buda the pandemonium lord
 10324 | D        | Killed Buda the pandemonium lord
 10324 | D        | Reached skill level 27 in Shields
 10493 | D        | Escaped with the Orb!

Levels and vault maps discovered:
D:        linesprint [early_d, line_temple, items_1, d_10, items_2, lair_1,
          lair_end, items_3, orc_1, orc_end, items_4, d_15, swamp_1, shoals_1,
          snake_1, spider_1, d_20, vaults_1, items_5, swamp_end, shoals_end,
          snake_end, spider_end, vaults_end, d_27, items_6, zot_1, zot_end,
          crypt_end, forest_end, elf_end, slime_end, tomb_end, abyss_end,
          pan_hell_end]

Skill      XL: |  1  2  3  4  5  6  7  8  9 10 11 12 13 14 15 16 17 18 19 20 21 |
---------------+----------------------------------------------------------------+-----
Fighting       | 4 5 6 8 9 10 11 13 15 17 19 22 23 25 27 | 27.0
Long Blades    | 2 3 4 6 7 8 9 11 13 14 15 16 | 16.0
Shields        | 4 5 6 8 9 10 11 13 15 18 22 25 27 | 27.0
Armour         | 4 5 6 8 9 10 11 13 15 17 19 20 21 24 27 | 27.0
Invocations    | 5 6 8 10 26 27 | 27.0
Evocations     | 5 25 27 | 27.0
Earth Magic    | 6 13 17 19 23 | 23.9
Dodging        | 9 15 19 22 26 27 | 27.0
Spellcasting   | 5 13 14 18 | 18.9

Action                   |  1- 3 |  4- 6 |  7- 9 | 10-12 | 13-15 | 16-18 | 19-21 || total
-------------------------+-------+-------+-------+-------+-------+-------+-------++-------
Melee: Long sword        |    44 |       |       |       |       |       |       ||    44
       Scimitar          |    11 |    16 |    72 |   333 |    39 |       |       ||   471
       Demon blade       |       |       |       |    32 |   564 |  1105 |   816 ||  2517
Invok: Heroism           |       |       |     2 |     5 |    13 |    13 |     7 ||    40
       Finesse           |       |       |       |     2 |     9 |    13 |     8 ||    32
Evoke: Box of beasts     |       |       |       |       |       |       |     1 ||     1
  Use: Potion            |       |     1 |       |       |     6 |       |     8 ||    15
       Scroll            |       |       |       |     4 |     1 |     5 |       ||    10
  Eat: Chunk             |       |       |       |     4 |     7 |     9 |     4 ||    24
       Ration            |       |       |       |     1 |       |       |     2 ||     3
Armor: Scale mail        |    30 |       |       |       |       |       |       ||    30
       Chain mail        |    10 |     5 |    20 |    74 |   181 |    70 |       ||   360
       Gold dragon scale |       |       |       |       |       |    49 |   100 ||   149
Dodge: Dodged            |    15 |     2 |     8 |    59 |   135 |   179 |   153 ||   551
Block: Kite shield       |    30 |     6 |    28 |   150 |   204 |       |       ||   418
       Tower shield      |       |       |       |       |    79 |   522 |   515 ||  1116
       Rpst.: Long sword |     6 |       |       |       |       |       |       ||     6
       Scimitar          |       |       |     5 |    11 |       |       |       ||    16
       Demon blade       |       |       |       |     2 |    22 |    18 |    19 ||    61

Table legend:
 A = Non-vault XP
 B = Vault XP
 C = Vault XP percentage of total XP
 D = Non-vault monster count
 E = Vault monster count
 F = Vault count percentage of total count
                 A         B        C        D         E       F
            +---------+---------+-------+---------+---------+-------
      Total |       0 |  482745 | 100.0 |       0 |     406 | 100.0
            +---------+---------+-------+---------+---------+-------
          D |       0 |  482745 | 100.0 |       0 |     406 | 100.0
            +---------+---------+-------+---------+---------+-------
